 Dungeon Crawl Stone Soup version 0.21.0 (webtiles) character file.

11228 Auros the Grappler (level 11, -4/104 HPs)
             Began as a Troll Berserker on Mar 9, 2018.
             Was a High Priest of Trog.
             Succumbed to a black mamba's poison
             ... on level 1 of the Snake Pit on Mar 10, 2018.
             The game lasted 01:18:59 (6862 turns).

Auros the Grappler (Troll Berserker)                Turns: 6862, Time: 01:18:59

Health: -4/104     AC: 11    Str: 28    XL:     11   Next: 46%
Magic:  4/10       EV: 14    Int:  3    God:    Trog [*****.]
Gold:   435        SH:  0    Dex: 13    Spells: 10/10 levels left

rFire    . . .     SeeInvis +   E - +3 battleaxe (chop)
rCold    . . .     Gourm    +   (shield currently unavailable)
rNeg     . . .     Faith    .   s - +1 robe of Resonance {+Inv Dex+2}
rPois    .         Spirit   +   (helmet restricted)
rElec    .         Reflect  .   q - scarf {Spirit}
rCorr    .         Harm     .   (gloves unavailable)
MR       .....                  (boots unavailable)
Stlth    ++........             (no amulet)
HPRegen  0.67/turn              e - ring of see invisible
MPRegen  0.12/turn              x - +5 ring of protection

@: lethally poisoned (-4 -> -62), about to teleport
A: large, unfitting armour, claws 3, fast metabolism 3, gourmand, regeneration
1, shaggy fur 1, tough skin 2
a: Berserk, Trog's Hand, Brothers in Arms, Burn Spellbooks, Renounce Religion,
Evoke Invisibility


You were on level 1 of the Snake Pit.
You worshipped Trog.
Trog was extremely pleased with you.
You were full.

You visited 3 branches of the dungeon, and saw 13 of its levels.
You also visited: Volcano.

You collected 697 gold pieces.
You spent 262 gold pieces at shops.

Inventory:

Hand Weapons
 u - a +0 giant spiked club
 E - a +3 battleaxe of chopping (weapon)
Armour
 a - a +1 animal skin
 q - a scarf of spirit shield (worn)
 s - the +1 robe of Resonance (worn) {+Inv Dex+2}
   (You bought it in a shop on level 6 of the Dungeon)

   It affects your dexterity (+2).
   It lets you turn invisible.
Jewellery
 e - a ring of see invisible (left claw)
 x - a +5 ring of protection (right claw)
Wands
 h - a wand of enslavement (10)
 o - a wand of digging (5)
 r - a wand of random effects (35)
 w - a wand of flame (13)
 B - a wand of scattershot (4)
Scrolls
 c - 2 scrolls of blinking
 d - 7 scrolls of identify
 g - 2 scrolls of fog
 l - 2 scrolls of magic mapping
 m - 4 scrolls of teleportation
 n - 2 scrolls of noise {unknown}
 p - 7 scrolls of remove curse
 t - a scroll of amnesia {unknown}
 D - a scroll of enchant armour
Potions
 f - a potion of agility
 i - a potion of might {unknown}
 j - 2 potions of degeneration
 k - a potion of cancellation {unknown}
 v - a potion of brilliance {unknown}
 z - a potion of berserk rage {unknown}
 A - a potion of curing
Comestibles
 b - 25 rations


   Skills:
 - Level 5.3 Fighting
 * Level 4.1 Axes
 - Level 7.5 Dodging
 - Level 2.1 Stealth
 + Level 13.6 Unarmed Combat
 + Level 0.3 Evocations


You had 10 spell levels left.
You didn't know any spells.

Dungeon Overview and Level Annotations

Branches:
Dungeon (10/15)            Temple (0/1) D:6            Lair (2/6) D:10
  Snake (1/4) Lair:2          Orc (0/2) D:9
  Swamp: Lair:2-4    Shoals: Lair:2-4

Altars:
Gozag
Hepliaklqana
Sif Muna
Trog
Uskayaw

Shops:
D:6 [(

Annotations:
D:9 orc mines
D:10 lair
Lair:1 !hydra
Lair:2 Sonja


Innate Abilities, Weirdness & Mutations

You are too large for most types of armour.
You have claws for hands.
Your metabolism is lightning-fast.
You like to eat raw meat.
Your natural rate of healing is unusually fast.
You are covered in fur. (AC +1)
You have very tough skin. (AC +2)


Message History

You feel extremely sick. The black mamba bites you.
You are lethally poisoned!
The black mamba poisons you! The black mamba bites you!
* * * LOW HITPOINT WARNING * * *
You are more poisoned.
The black mamba poisons you! The black mamba bites you!
* * * LOW HITPOINT WARNING * * *
* * * LOW HITPOINT WARNING * * *
You feel extremely sick. The black mamba closely misses you.
As you read the scroll of teleportation, it crumbles to dust.
You feel strangely unstable.
* * * LOW HITPOINT WARNING * * *
You feel extremely sick. The black mamba misses you.
* * * LOW HITPOINT WARNING * * *
You feel very sick. The black mamba closely misses you.
You die...

####### #.@...#
##.#...######
###..#S........
#...###......#
#.####.......#
###.# #.......#
#...#
##........ ##
##.###
#........ #.###
##..# #.#.##...


You could see a black mamba.

Vanquished Creatures
  4 two-headed ogres
  A gargoyle (D:10)
  A komodo dragon (Lair:1)
  The ghost of PrincessPwny the Cudgeler, an amateur DsFi (D:3)
  A queen bee (D:7)
  6 hippogriffs
  A vampire (D:9)
  A wyvern (D:9)
  A hungry ghost (D:8)
  5 water moccasins
  Duvessa (D:5)
  A porcupine (Lair:2)
  8 orc warriors
  2 sky beasts
  2 ice beasts (D:6)
  2 black bears
  An eye of draining (D:9)
  3 necrophages
  A phantom (D:3)
  5 ogres
  6 centaurs
  A crocodile (D:10)
  10 bullfrogs
  Dowan (D:5)
  A scorpion (D:6)
  13 killer bees
  3 howler monkeys
  A crimson imp (D:9)
  A quasit (D:10)
  5 orc priests
  11 hounds
  2 jellies
  10 orc wizards
  3 bullfrog skeletons
  A centaur skeleton (D:8)
  Terence (D:2)
  6 worker ants
  2 hound zombies
  A hound skeleton (D:7)
  A worker ant zombie (D:6)
  2 howler monkey skeletons (D:7)
  11 adders
  2 adder skeletons
  2 worms (D:2)
  2 dart slugs
  3 leopard geckos
  32 orcs
  2 ball pythons
  3 giant cockroaches
  4 goblins
  6 hobgoblins
  11 jackals
  2 quokkas
  9 bats
  3 frilled lizards
  2 kobolds
  A quokka skeleton (D:5)
  9 rats
  A plant (Lair:1)
235 creatures vanquished.

Vanquished Creatures (others)
  An orc (D:4)
1 creature vanquished.

Grand Total: 236 creatures vanquished

Notes
Turn   | Place    | Note
-------+----------+-------------------------------------------
     0 | D:1      | Auros the Troll Berserker began the quest for the Orb.
     0 | D:1      | Reached XP level 1. HP: 22/22 MP: 0/0
   175 | D:1      | Reached XP level 2. HP: 29/29 MP: 1/1
   685 | D:2      | Reached XP level 3. HP: 23/36 MP: 2/2
   761 | D:2      | Noticed Terence
   768 | D:2      | Killed Terence
   768 | D:2      | Reached ** piety under Trog
   865 | D:2      | Reached XP level 4. HP: 45/45 MP: 3/3
   930 | D:3      | Noticed PrincessPwny's ghost (amateur DsFi)
   949 | D:3      | Killed PrincessPwny's ghost
   949 | D:3      | Reached skill level 5 in Unarmed Combat
   949 | D:3      | Reached XP level 5. HP: 40/53 MP: 4/4
   949 | D:3      | Reached XP level 6. HP: 47/61 MP: 5/5
  1217 | D:3      | Reached skill level 6 in Unarmed Combat
  1259 | D:3      | Reached XP level 7. HP: 48/67 MP: 6/6
  1278 | D:3      | Reached *** piety under Trog
  1327 | D:4      | Found a hazy altar of Hepliaklqana.
  1327 | D:4      | Found a deep blue altar of Sif Muna.
  1828 | D:5      | Entered Level 5 of the Dungeon
  1891 | D:5      | Noticed Dowan
  1892 | D:5      | Noticed Duvessa
  1902 | D:5      | Killed Duvessa
  1902 | D:5      | Reached skill level 7 in Unarmed Combat
  1939 | D:5      | Killed Dowan
  2094 | D:5      | Reached XP level 8. HP: 49/78 MP: 4/7
  2200 | D:4      | Reached skill level 1 in Stealth
  2238 | D:5      | Reached skill level 8 in Unarmed Combat
  2493 | D:6      | Found an opulent altar of Gozag.
  2622 | D:6      | Found a staircase to the Ecumenical Temple.
  2627 | D:6      | Found Higraef's Weapon Emporium.
  2737 | D:6      | Found Ruekut's Armour Emporium.
  2753 | D:6      | Bought the +1 robe of Resonance {+Inv Dex+2} for 262 gold pieces
  2793 | D:6      | Reached skill level 5 in Dodging
  2793 | D:6      | Reached skill level 9 in Unarmed Combat
  2984 | D:6      | Reached **** piety under Trog
  3087 | D:7      | Reached XP level 9. HP: 73/84 MP: 8/8
  3101 | D:7      | Found a hide-covered altar of Uskayaw.
  3290 | D:7      | Reached skill level 10 in Unarmed Combat
  3545 | D:8      | Reached skill level 11 in Unarmed Combat
  3664 | D:8      | Noticed a two-headed ogre
  3692 | D:8      | Killed a two-headed ogre
  3692 | D:8      | Reached XP level 10. HP: 36/94 MP: 3/9
  3905 | D:7      | Reached skill level 12 in Unarmed Combat
  3979 | D:7      | Reached ***** piety under Trog
  4982 | D:9      | Noticed a two-headed ogre
  4993 | D:9      | Killed a two-headed ogre
  4993 | D:9      | Reached skill level 5 in Fighting
  4994 | D:9      | Reached skill level 13 in Unarmed Combat
  5435 | D:9      | Noticed a two-headed ogre
  5453 | D:9      | Killed a two-headed ogre
  5453 | D:9      | Reached XP level 11. HP: 77/102 MP: 7/10
  5560 | D:9      | Found a staircase to the Orcish Mines.
  5672 | D:10     | Entered Level 10 of the Dungeon
  5687 | D:10     | Received a gift from Trog
  5702 | D:10     | Noticed a two-headed ogre
  5720 | D:10     | Killed a two-headed ogre
  5789 | D:10     | Reached skill level 1 in Axes
  5846 | D:10     | Found a bloodstained altar of Trog.
  5980 | D:10     | Found a staircase to the Lair.
  5985 | Lair:1   | Entered Level 1 of the Lair of Beasts
  6227 | Lair:1   | Found a dark tunnel.
  6237 | Volcano  | Entered a volcano
  6256 | Volcano  | Noticed a fire crab
  6435 | Lair:1   | Noticed a five-headed hydra
  6526 | Lair:2   | Found a staircase to the Snake Pit.
  6540 | Lair:2   | Lost intelligence.
  6598 | Lair:2   | Noticed Sonja
  6627 | Snake:1  | Entered Level 1 of the Snake Pit
  6861 | Snake:1  | HP: 2/104 [poisoned by a black mamba]
  6862 | Snake:1  | Succumbed to a black mamba's poison

Skill      XL: |  1  2  3  4  5  6  7  8  9 10 11 |
---------------+----------------------------------+-----
Fighting       | 3 4 5 |  5.3
Dodging        | 3 4 5 6 7 |  7.5
Unarmed Combat | 5 6 7 9 11 13 | 13.6
Stealth        | 1 2 |  2.1
Axes           | 4 |  4.1
Evocations     | |  0.3

Action                   |  1- 3 |  4- 6 |  7- 9 | 10-12 || total
-------------------------+-------+-------+-------+-------++-------
Melee: Unarmed           |    62 |    89 |   266 |   195 ||   612
       Punch             |     1 |     2 |    15 |     7 ||    25
       Battleaxe         |       |       |       |   149 ||   149
Invok: Berserk           |     1 |     1 |     1 |     3 ||     6
       Burn Spellbooks   |       |       |       |     2 ||     2
Evoke: Wand              |       |       |     2 |       ||     2
  Use: Scroll            |       |     2 |       |    11 ||    13
       Potion            |       |     1 |       |     4 ||     5
 Stab: Sleeping          |       |       |     2 |     2 ||     4
  Eat: Chunk             |     9 |    10 |    23 |    29 ||    71
Armor: Animal skin       |    16 |    17 |    19 |       ||    52
       Robe              |       |       |    46 |   199 ||   245
Dodge: Dodged            |    30 |    35 |   152 |   405 ||   622
